 Dungeon Crawl Stone Soup version 0.30-a0-757-ga6a79fd877 (webtiles) character file.

Game seed: 8306946882124248911

63 Newt the Shooter (level 4, -7/30 HPs)
             Began as a Kobold Hunter on Feb 9, 2023.
             Was an Initiate of Gozag.
             Killed by divine providence
             ... invoked by an orc priest
              (14 damage)
             ... on level 3 of the Dungeon.
             The game lasted 00:01:29 (2194 turns).

Newt the Shooter (Kobold Hunter)                    Turns: 2194, Time: 00:01:30

Health: -7/30      AC:  4    Str:  8    XL:     4   Next: 31%
Magic:  4/4        EV: 14    Int: 10    God:    Gozag
Gold:   92         SH:  0    Dex: 20    Spells: 3/3 levels left

rFire   . . .      SeeInvis .    a - +0 shortbow
rCold   . . .      Faith    .    (shield currently unavailable)
rNeg    . . .      Spirit   .    j - +0 leather armour {rPois}
rPois   +          Reflect  .    (no helmet)
rElec   .          Harm     .    (no cloak)
rCorr   .          Rampage  .    k - +0 pair of gloves
Will    .....                    (no boots)
Stlth   +++                      (no amulet)
HPRegen 0.25/turn                (no ring)
MPRegen 0.09/turn                (no ring)

@: no status effects
A: small, no large weapons, nightstalker 3
a: Renounce Religion, Potion Petition, Call Merchant, Bribe Branch


You were on level 3 of the Dungeon.
You worshipped Gozag.
Gozag was noncommittal.
You visited 1 branch of the dungeon, and saw 3 of its levels.

You collected 107 gold pieces.
You paid 15 gold pieces to Gozag.

Inventory:

Hand Weapons
 a - a +0 shortbow (weapon)
Armour
 c - a +0 leather armour
 j - a +0 leather armour of poison resistance (worn)
 k - a +0 pair of gloves (worn)
Scrolls
 b - a scroll of immolation
Potions
 e - a potion of might
 f - a potion of heal wounds
 g - 2 potions of lignification {unknown}
 h - a potion of cancellation {unknown}
 i - a potion of invisibility {unknown}


   Skills:
 + Level 4.7 Fighting
 - Level 5.3 Ranged Weapons
 - Level 2.4 Dodging
 - Level 1.3 Stealth


You had 3 spell levels left.
You didn't know any spells.
Your spell library was empty.

Dungeon Overview and Level Annotations

Branches:
Dungeon (3/15)

Altars:
Gozag

Annotations:
D:2 Sigmund


Innate Abilities, Weirdness & Mutations

You are small and have problems with some larger weapons.
You are completely attuned to the shadows.


Message History

You shoot an arrow. The arrow closely misses the orc.
You shoot an arrow. The arrow hits the orc!
You kill the orc!
You shoot an arrow.
The arrow hits the orc priest but does no damage.
The orc priest mumbles some strange prayers to Beogh against you.
Beogh smites you!
You shoot an arrow.
The arrow completely misses the orc priest.
You hear the slow rusting of a very distant drain.
You shoot an arrow. The arrow barely misses the orc priest.
The orc priest closely misses you.
You shoot an arrow. The arrow hits the orc priest.
The orc priest is lightly wounded.
The orc priest miscasts a cantrip.
The orc priest hits you with a +0 club.
You shoot an arrow.
The arrow closely misses the orc priest.
The orc priest hits you with a +0 club.
You shoot an arrow.
The arrow completely misses the orc priest.
The orc priest barely misses you.
You shoot an arrow.
The arrow hits the orc priest but does no damage.
The orc priest is lightly wounded.
The orc priest calls down the wrath of Beogh upon you.
Pain shoots through your body!
You shoot an arrow. The arrow hits the orc priest.
The orc priest is heavily wounded.
The orc priest hits you with a +0 club.
An orc priest comes into view. It is wielding a +0 club.
The orc priest hits you with a +0 club.
* * * LOW HITPOINT WARNING * * *
The orc priest looks encouraged for a moment.
You shoot an arrow. The arrow hits the orc priest!
The orc priest is almost dead.
The orc priest mumbles some strange prayers to Beogh against you.
Beogh smites you!
You die...
Your body crumbles into a pile of gold.

# .. .##
.#o#####...
...$@o$.$.#
####....#.^
###....#
##..##.. $
######..###
...........>
###..######
#...##
##.###


You could see 2 orc priests.

Vanquished Creatures
  Robin (D:2)
  An adder (D:2)
  2 orcs (D:3)
  2 ball pythons (D:2)
  2 bats (D:1)
  2 endoplasms
  A giant cockroach (D:3)
  9 goblins
  8 hobgoblins
  3 quokkas (D:1)
  A frilled lizard (D:2)
  2 kobolds (D:1)
34 creatures vanquished.

Notes
Turn   | Place    | Note
-------+----------+-------------------------------------------
     0 | D:1      | Newt the Kobold Hunter began the quest for the Orb.
     0 | D:1      | Reached XP level 1. HP: 12/12 MP: 1/1
   405 | D:1      | Reached XP level 2. HP: 18/18 MP: 2/2
  1229 | D:2      | Noticed Robin
  1241 | D:2      | Killed Robin
  1242 | D:2      | Reached XP level 3. HP: 24/24 MP: 3/3
  1576 | D:2      | Found an opulent altar of Gozag.
  1651 | D:2      | Became a worshipper of Gozag Ym Sagoz the Greedy
  1676 | D:2      | Reached XP level 4. HP: 17/30 MP: 4/4
  1838 | D:2      | Noticed Sigmund
  2194 | D:3      | Killed from afar by an orc priest

Illustrated notes

Levels and vault maps discovered:
D:1:      evilmike_arrival_rings, layout_loops_corners
D:2:      layout_basic, basic_altar, uniq_sigmund, uniq_robin
D:3:      layout_rooms, portal_sewer_entry_d

Skill      XL: |  1  2  3 |
---------------+----------+-----
Fighting       | 3 4 |  4.7
Ranged Weapons | |  5.3
Dodging        | |  2.4
Stealth        | |  1.3

Action                     |  1- 3 |  4- 6 || total
---------------------------+-------+-------++-------
   Fire: Shortbow          |    41 |    27 ||    68
    Use: Scroll            |     3 |     2 ||     5
 Armour: Leather armour    |     9 |       ||     9
  Dodge: Dodged            |    14 |     5 ||    19

Table legend: (Time is in decaauts)
 A = Elapsed time spent in this place.
 B = Non-inter-level travel time spent in this place.
 C = Inter-level travel time spent in this place.
 D = Time resting spent in this place.
 E = Time spent auto-exploring this place.
 F = Levels seen in this place.
 G = Mean time per level.
                   A        B        C        D        E       F      G
               +--------+--------+--------+--------+--------+-----+--------+
         Total |   2212 |   2125 |     87 |    356 |   1554 |   3 |  737.3 |
       Dungeon |   2212 |   2125 |     87 |    356 |   1554 |   3 |  737.3 |
               +--------+--------+--------+--------+--------+-----+--------+

Top non-repeatable levels by time:
     D:1: 1130 daAuts
     D:2: 973 daAuts
     D:3: 108 daAuts
